Canucks vs Stars
Created - 17 janvier 2014 at 20:47
Goals
|
| Canucks |
0 |
2 |
2 |
4 |
| Stars |
1 |
0 |
1 |
2 |
|
Shots
|
| Canucks |
5 |
8 |
13 |
26 |
| Stars |
11 |
5 |
11 |
27 |
|
1st period
1. Stars , Alexei Morozov 24 (David Legwand, Pavel Kubina) at 13:47 (PP)
Penalties :
Matt Stajan (Van) for Tripping (Minor) at 9:27, Peter Worrell (Van) for Holding (Minor) at 12:55, Brian Gionta (Dal) for Charging (Minor) at 14:12, Fabian Brunnstrom (Van) for Delaying the game (Minor) at 16:37
2nd period
2. Canucks , Jaromir Jagr 26 (Matt Stajan, Peter Worrell) at 1:30
3. Canucks , David Jones 6 (Derian Hatcher, Erik Christensen) at 11:40 (PP)
Penalties :
David Legwand (Dal) for Tripping (Minor) at 9:54
3rd period
4. Canucks , Peter Worrell 13 (Scott Niedermayer, Jaromir Jagr) at 2:50 (PP)
5. Canucks , Scott Niedermayer 6 (Jaromir Jagr, Matt Stajan) at 14:02
6. Stars , Shane Doan 17 (Antoine Vermette, Filip Novak) at 16:06
Penalties :
Brian Gionta (Dal) for Hooking (Minor) at 1:03, Patrik Elias (Dal) for Hooking (Minor) at 6:05, Francis Bouillon (Dal) for Goalie Interference (Minor) at 11:50, Jaromir Jagr (Van) for Roughing (Minor) at 11:53, Marty Reasoner (Dal) for Holding Stick (Minor) at 16:40
Goalie Stats
Carey Price (Van), 25 saves from 27 shots - (0,926), W, 15-15-3, 60:00 minutes
Pascal Leclaire (Dal), 22 saves from 26 shots - (0,846), L, 14-18-1, 60:00 minutes
Players Stats for Canucks
Player Name G A P +/- PIM S H SB GA TA FO MP PP MP PK MP
------------------------------------------------------------------------------------
Brent Sopel 0 0 0 1 0 1 2 1 0 0 0/0 20:23 4:17 1:56
Clarke MacArthur 0 0 0 0 0 2 3 0 1 0 0/0 18:25 3:32 1:40
Daniel Paille 0 0 0 0 0 1 0 0 0 0 0/1 7:17 0:31 0:11
David Jones 1 0 1 0 0 4 1 1 0 0 1/2 13:10 0:54 2:01
Derian Hatcher 0 1 1 1 0 0 1 0 0 1 0/0 20:23 4:17 1:56
Erik Christensen 0 1 1 0 0 2 1 0 0 0 3/3 7:30 0:31 0:24
Fabian Brunnstrom 0 0 0 0 2 1 3 0 0 0 2/4 11:26 0:23 0:03
Jaromir Jagr 1 2 3 1 2 4 0 0 0 0 4/6 22:24 5:06 2:52
Jeremy Williams 0 0 0 0 0 0 0 0 0 1 0/0 6:24 0:00 0:00
Jiri Hudler 0 0 0 0 0 0 2 0 0 0 2/4 10:31 0:23 0:00
Joe Callahan 0 0 0 0 0 0 0 1 1 0 0/0 9:46 0:00 0:00
Mark Streit 0 0 0 0 0 0 0 3 0 1 0/0 29:51 5:16 2:57
Matt Stajan 0 2 2 1 2 2 2 0 0 0 12/28 20:10 5:07 0:33
Peter Worrell 1 1 2 1 2 3 2 0 0 0 1/4 22:58 5:07 2:02
Ryan Getzlaf 0 0 0 0 0 1 0 1 0 0 8/12 16:26 3:32 0:00
Scott Niedermayer 1 1 2 0 0 4 1 1 1 1 0/0 29:51 5:16 2:57
Taylor Chorney 0 0 0 0 0 0 0 3 0 0 0/0 9:46 0:00 0:00
Zigmund Palffy 0 0 0 0 0 1 1 0 0 0 0/0 16:26 3:32 0:00
Players Stats for Stars
Player Name G A P +/- PIM S H SB GA TA FO MP PP MP PK MP
------------------------------------------------------------------------------------
Alexei Morozov 1 0 1 0 0 5 3 0 0 0 1/2 18:16 3:04 0:11
Antoine Vermette 0 1 1 -1 0 2 1 0 1 0 7/12 15:41 1:49 1:55
Brendan Bell 0 0 0 0 0 0 1 1 0 0 0/0 10:34 0:00 0:00
Brian Gionta 0 0 0 0 4 1 1 0 0 0 0/1 11:09 0:00 0:00
Brian Pothier 0 0 0 0 0 1 0 1 0 1 0/0 11:02 0:00 0:00
Cory Stillman 0 0 0 0 0 2 1 1 0 0 0/0 22:13 3:01 5:30
David Legwand 0 1 1 0 2 2 1 2 1 0 16/29 20:42 3:04 2:38
Filip Novak 0 1 1 -1 0 1 3 2 0 1 0/0 28:43 3:12 5:59
Francis Bouillon 0 0 0 0 2 1 1 1 1 1 0/0 20:17 1:44 3:34
Jan Hlavac 0 0 0 0 0 1 0 0 0 0 0/0 8:29 0:00 1:00
Marty Reasoner 0 0 0 0 2 1 0 1 0 0 6/16 15:20 0:00 4:30
Michael Rupp 0 0 0 0 0 1 0 0 0 0 1/2 7:40 0:00 0:19
Milan Michalek 0 0 0 -1 0 1 1 1 0 0 0/0 14:37 1:49 0:59
Patrik Elias 0 0 0 0 2 0 0 0 0 0 0/1 11:05 0:00 0:11
Pavel Kubina 0 1 1 -1 0 2 5 1 1 0 0/0 28:43 3:12 5:59
Randy Jones 0 0 0 0 0 1 0 1 0 0 0/0 20:43 1:41 3:34
Scott Walker 0 0 0 0 0 3 0 0 0 0 0/0 9:14 0:00 1:53
Shane Doan 1 0 1 -1 0 2 1 0 0 0 0/1 13:57 1:49 0:00
3 Stars
1 - Jaromir Jagr (Van)
2 - Scott Niedermayer (Van)
3 - Peter Worrell (Van)
Power Play
Canucks - 2 on 6 Attempt(s) - 33,33%
Stars - 1 on 4 Attempt(s) - 25,00%
Penalty Kill
Canucks - 3 on 4 Attempt(s) - 75,00%
- Score 0 goal in Penalty Kill
Stars - 4 on 6 Attempt(s) - 66,67%
- Score 0 goal in Penalty Kill
Official
Referees : Auger Stephane and Rehman Kyle
Linesman : Derek Amell and Andy McElman
Game Notes
No Game Note
Finance
Level 1 -- Attendance: 3779 (62,98%) -- Ticket Income 377 900 $
Level 2 -- Attendance: 3330 (66,60%) -- Ticket Income 199 800 $
Level 3 -- Attendance: 1470 (73,50%) -- Ticket Income 51 450 $
Level 4 -- Attendance: 3700 (92,50%) -- Ticket Income 74 000 $
Luxury Box -- Attendance: 588 (58,80%) -- Ticket Income 117 600 $
Game was played at the American Airlines Center
Total Attendance: 12867 (71,48%)
Total Ticket Income: 820 750 $
Other Income: 123 112 $
Total Income: 943 862 $
Canucks
5 vs 5 Forward
Center Left Wing Right Wing Time % Phy DF OF
1 Matt Stajan Peter Worrell Jaromir Jagr 40 1 2 2
2 Ryan Getzlaf Clarke MacArthur Zigmund Palffy 30 1 2 2
3 Jiri Hudler Fabian Brunnstrom David Jones 20 1 2 2
4 Erik Christensen Daniel Paille Jeremy Williams 10 1 2 2
5 vs 5 Defense
Defense Defense Time % Phy DF OF
1 Mark Streit Scott Niedermayer 40 1 2 2
2 Brent Sopel Derian Hatcher 30 1 2 2
3 Joe Callahan Taylor Chorney 20 1 2 2
4 Mark Streit Scott Niedermayer 10 1 2 2
PowerPlay Forward
Center Left Wing Right Wing Time % Phy DF OF
1 Matt Stajan Peter Worrell Jaromir Jagr 60 1 2 2
2 Ryan Getzlaf Clarke MacArthur Zigmund Palffy 40 1 2 2
PowerPlay Defense
Defense Defense Time % Phy DF OF
1 Mark Streit Scott Niedermayer 60 1 2 2
2 Brent Sopel Derian Hatcher 40 1 2 2
Penalty Kill 4 Players Forward
Center Wing Time % Phy DF OF
1 Jaromir Jagr Peter Worrell 60 1 2 2
2 Matt Stajan Clarke MacArthur 40 1 2 2
Penalty Kill 4 Players Defense
Defense Defense Time % Phy DF OF
1 Mark Streit Scott Niedermayer 60 1 2 2
2 Brent Sopel Derian Hatcher 40 1 2 2
Penalty Kill - 3 Players Forward
Forward Time % Phy DF OF
1 Jaromir Jagr 60 1 2 2
2 Peter Worrell 40 1 2 2
Penalty Kill - 3 Players Defense
Defense Defense Time % Phy DF OF
1 Mark Streit Scott Niedermayer 60 1 2 2
2 Brent Sopel Derian Hatcher 40 1 2 2
4 vs 4 Forward
Center Wing Time % Phy DF OF
1 Jaromir Jagr Peter Worrell 60 1 2 2
2 Matt Stajan Clarke MacArthur 40 1 2 2
4 vs 4 Defense
Defense Defense Time % Phy DF OF
1 Mark Streit Scott Niedermayer 60 1 2 2
2 Brent Sopel Derian Hatcher 40 1 2 2
Last Minutes Offensive
Center Left Wing Right Wing Defense Defense
Matt Stajan Peter Worrell Jaromir Jagr Mark Streit Scott Niedermayer
Last Minutes Defensive
Center Left Wing Right Wing Defense Defense
Matt Stajan Peter Worrell Jaromir Jagr Mark Streit Scott Niedermayer
Goaltenders
Starting : Carey Price
Backup : José Theodore
Extra Forwards
Normal : Fabian Brunnstrom, Jiri Hudler, David Jones - PP : Fabian Brunnstrom, Jiri Hudler - PK : David Jones
Extra Defensemen
Normal : Joe Callahan, Taylor Chorney, Brent Sopel - PP : Joe Callahan - PK : Taylor Chorney, Brent Sopel
Penalty Shots
Jaromir Jagr, Peter Worrell, Matt Stajan, Clarke MacArthur, Fabian Brunnstrom
Stars
5 vs 5 Forward
Center Left Wing Right Wing Time % Phy DF OF
1 David Legwand Cory Stillman Alexei Morozov 40 1 2 2
2 Antoine Vermette Milan Michalek Shane Doan 30 1 2 2
3 Marty Reasoner Patrik Elias Brian Gionta 20 1 2 2
4 Michael Rupp Jan Hlavac Scott Walker 10 1 2 2
5 vs 5 Defense
Defense Defense Time % Phy DF OF
1 Pavel Kubina Filip Novak 40 1 2 2
2 Francis Bouillon Randy Jones 30 1 2 2
3 Brian Pothier Brendan Bell 20 1 2 2
4 Pavel Kubina Filip Novak 10 1 2 2
PowerPlay Forward
Center Left Wing Right Wing Time % Phy DF OF
1 David Legwand Cory Stillman Alexei Morozov 60 1 2 2
2 Antoine Vermette Milan Michalek Shane Doan 40 1 2 2
PowerPlay Defense
Defense Defense Time % Phy DF OF
1 Pavel Kubina Filip Novak 60 1 2 2
2 Francis Bouillon Randy Jones 40 1 2 2
Penalty Kill 4 Players Forward
Center Wing Time % Phy DF OF
1 Marty Reasoner Cory Stillman 60 1 2 2
2 David Legwand Scott Walker 40 1 2 2
Penalty Kill 4 Players Defense
Defense Defense Time % Phy DF OF
1 Pavel Kubina Filip Novak 60 1 2 2
2 Francis Bouillon Randy Jones 40 1 2 2
Penalty Kill - 3 Players Forward
Forward Time % Phy DF OF
1 Marty Reasoner 60 1 2 2
2 Cory Stillman 40 1 2 2
Penalty Kill - 3 Players Defense
Defense Defense Time % Phy DF OF
1 Pavel Kubina Filip Novak 60 1 2 2
2 Francis Bouillon Randy Jones 40 1 2 2
4 vs 4 Forward
Center Wing Time % Phy DF OF
1 David Legwand Alexei Morozov 60 1 2 2
2 Shane Doan Cory Stillman 40 1 2 2
4 vs 4 Defense
Defense Defense Time % Phy DF OF
1 Pavel Kubina Filip Novak 60 1 2 2
2 Francis Bouillon Randy Jones 40 1 2 2
Last Minutes Offensive
Center Left Wing Right Wing Defense Defense
David Legwand Cory Stillman Alexei Morozov Pavel Kubina Filip Novak
Last Minutes Defensive
Center Left Wing Right Wing Defense Defense
Marty Reasoner Cory Stillman Scott Walker Pavel Kubina Filip Novak
Goaltenders
Starting : Pascal Leclaire
Backup : Vesa Toskala
Extra Forwards
Normal : Patrik Elias, Brian Gionta, Marty Reasoner - PP : Patrik Elias, Brian Gionta - PK : Marty Reasoner
Extra Defensemen
Normal : Brian Pothier, Brendan Bell, Francis Bouillon - PP : Brian Pothier - PK : Brendan Bell, Francis Bouillon
Penalty Shots
David Legwand, Alexei Morozov, Shane Doan, Cory Stillman, Antoine Vermette
% Time on Ice - Canucks
Lines # - Real PCT - Wanted PCT - Time Play
Normal Forward
1 - 33% - 40% - 14:37
2 - 30% - 30% - 12:54
3 - 22% - 20% - 9:43
4 - 15% - 10% - 6:24
Normal Defense
1 - 43% - 40% - 18:34
2 - 31% - 30% - 13:25
3 - 22% - 20% - 9:46
4 - 4% - 10% - 1:53
PP Forward
1 - 63% - 60% - 6:01
2 - 37% - 40% - 3:32
PP Defense
1 - 55% - 60% - 5:16
2 - 45% - 40% - 4:17
PK Forward
1 - 76% - 60% - 3:43
2 - 24% - 40% - 1:10
PK Defense
1 - 60% - 60% - 2:57
2 - 40% - 40% - 1:56
PK3 Forward
1 - 0% - 60%
2 - 0% - 40%
PK3 Defense
1 - 0% - 60%
2 - 0% - 40%
44 Forward
1 - 100% - 60% - 1:56
2 - 0% - 40% - 0:00
44 Defense
1 - 61% - 60% - 1:11
2 - 39% - 40% - 0:45
Last Minute Offensive - 0:00
Last Minute Defensive - 0:00
Total
Forward - 60:00
Defense - 60:00
|
% Time on Ice - Stars
Lines # - Real PCT - Wanted PCT - Time Play
Normal Forward
1 - 32% - 40% - 14:01
2 - 27% - 30% - 11:49
3 - 24% - 20% - 10:28
4 - 17% - 10% - 7:20
Normal Defense
1 - 40% - 40% - 17:33
2 - 34% - 30% - 15:00
3 - 24% - 20% - 10:34
4 - 1% - 10% - 0:31
PP Forward
1 - 63% - 60% - 3:04
2 - 37% - 40% - 1:49
PP Defense
1 - 66% - 60% - 3:12
2 - 34% - 40% - 1:41
PK Forward
1 - 80% - 60% - 7:40
2 - 20% - 40% - 1:53
PK Defense
1 - 63% - 60% - 5:59
2 - 37% - 40% - 3:34
PK3 Forward
1 - 0% - 60%
2 - 0% - 40%
PK3 Defense
1 - 0% - 60%
2 - 0% - 40%
44 Forward
1 - 83% - 60% - 1:36
2 - 17% - 40% - 0:20
44 Defense
1 - 76% - 60% - 1:28
2 - 24% - 40% - 0:28
Last Minute Offensive - 0:00
Last Minute Defensive - 0:00
Total
Forward - 60:00
Defense - 60:00
|
Play by Play
1st period
0:01 of 1st period - Alexei Morozov wins face-off versus Matt Stajan in neutral zone.
0:04 of 1st period - Slapshot by Pavel Kubina.
0:04 of 1st period - Shot Blocked by Scott Niedermayer.
0:26 of 1st period - Ryan Getzlaf is hit by Filip Novak and loses puck.
0:31 of 1st period - Wrist shot by Antoine Vermette.
0:31 of 1st period - Stopped by Carey Price with a rebound.
0:33 of 1st period - Slapshot by Francis Bouillon.
0:33 of 1st period - Stopped by Carey Price with a rebound.
0:35 of 1st period - Snap shot by Randy Jones.
0:35 of 1st period - Shot Misses the Net.
0:37 of 1st period - Wrist shot by Antoine Vermette.
0:37 of 1st period - Shot Misses the Net.
0:39 of 1st period - Wrist shot by Shane Doan.
0:39 of 1st period - Shot Blocked by Ryan Getzlaf.
0:55 of 1st period - Wrist shot by David Jones.
0:55 of 1st period - Shot Blocked by Marty Reasoner.
1:15 of 1st period - Snap shot by Jan Hlavac.
1:15 of 1st period - Stopped by Carey Price with a rebound.
1:17 of 1st period - Snap shot by Jan Hlavac.
1:17 of 1st period - Shot Misses the Net.
1:19 of 1st period - Wrist shot by Scott Walker.
1:19 of 1st period - Shot Misses the Net.
2:17 of 1st period - Icing by Jiri Hudler.
2:18 of 1st period - David Legwand wins face-off versus Jiri Hudler in Canucks zone.
2:27 of 1st period - Wrist shot by David Jones.
2:27 of 1st period - Stopped by Pascal Leclaire without a rebound.
2:28 of 1st period - David Legwand wins face-off versus Matt Stajan in Stars zone.
2:46 of 1st period - Scott Niedermayer is hit by Alexei Morozov and loses puck.
3:43 of 1st period - Brendan Bell is hit by Fabian Brunnstrom and loses puck.
4:25 of 1st period - Icing by Erik Christensen.
4:26 of 1st period - Erik Christensen wins face-off versus David Legwand in Canucks zone.
5:36 of 1st period - Snap shot by Michael Rupp.
5:36 of 1st period - Stopped by Carey Price without a rebound.
5:37 of 1st period - Ryan Getzlaf wins face-off versus Michael Rupp in Canucks zone.
6:25 of 1st period - Jiri Hudler is hit by Brendan Bell and loses puck.
6:52 of 1st period - Slapshot by Jan Hlavac.
6:52 of 1st period - Shot Misses the Net.
7:04 of 1st period - Wrist shot by Jiri Hudler.
7:04 of 1st period - Shot Blocked by Filip Novak.
7:12 of 1st period - Slapshot by David Jones.
7:12 of 1st period - Stopped by Pascal Leclaire without a rebound.
7:13 of 1st period - David Legwand wins face-off versus Matt Stajan in Stars zone.
7:38 of 1st period - Shane Doan is hit by Clarke MacArthur and loses puck.
8:01 of 1st period - Slapshot by Pavel Kubina.
8:01 of 1st period - Shot Hit the Post.
8:07 of 1st period - Daniel Paille is hit by Pavel Kubina.
8:21 of 1st period - Snap shot by Alexei Morozov.
8:21 of 1st period - Shot Blocked by Taylor Chorney.
8:23 of 1st period - Slapshot by Pavel Kubina.
8:23 of 1st period - Deflect By David Legwand.
8:23 of 1st period - Stopped by Carey Price without a rebound.
8:24 of 1st period - David Legwand wins face-off versus Matt Stajan in Canucks zone.
8:29 of 1st period - Slapshot by David Legwand.
8:29 of 1st period - Stopped by Carey Price without a rebound.
8:30 of 1st period - Matt Stajan wins face-off versus David Legwand in Canucks zone.
9:03 of 1st period - Snap shot by Milan Michalek.
9:03 of 1st period - Shot Blocked by Mark Streit.
9:05 of 1st period - Snap shot by Randy Jones.
9:05 of 1st period - Stopped by Carey Price without a rebound.
9:06 of 1st period - Matt Stajan wins face-off versus Brian Gionta in Canucks zone.
9:27 of 1st period - Minor Penalty to Matt Stajan for Tripping.
9:28 of 1st period - David Legwand wins face-off versus Jaromir Jagr in Canucks zone.
9:31 of 1st period - Snap shot by Alexei Morozov.
9:31 of 1st period - Stopped by Carey Price with a rebound.
9:59 of 1st period - Slapshot by Milan Michalek.
9:59 of 1st period - Deflect By Jaromir Jagr.
9:59 of 1st period - Stopped by Carey Price with a rebound.
10:01 of 1st period - Slapshot by Pavel Kubina.
10:01 of 1st period - Deflect By Milan Michalek.
10:01 of 1st period - Deflect By Peter Worrell.
10:01 of 1st period - Shot Misses the Net.
10:01 of 1st period - Puck is out of play.
10:02 of 1st period - Jaromir Jagr wins face-off versus David Legwand in Canucks zone.
11:27 of 1st period - Penalty to Matt Stajan is over, Matt Stajan is back on ice.
12:24 of 1st period - Off-side.
12:25 of 1st period - Jiri Hudler wins face-off versus Marty Reasoner in neutral zone.
12:40 of 1st period - Slapshot by Pavel Kubina.
12:40 of 1st period - Shot Misses the Net.
12:55 of 1st period - Minor Penalty to Peter Worrell for Holding.
12:56 of 1st period - David Legwand wins face-off versus David Jones in Canucks zone.
13:05 of 1st period - Slapshot by Cory Stillman.
13:05 of 1st period - Stopped by Carey Price without a rebound.
13:06 of 1st period - David Legwand wins face-off versus Jaromir Jagr in Canucks zone.
13:35 of 1st period - Wrist shot by David Legwand.
13:35 of 1st period - Shot Blocked by Mark Streit.
13:37 of 1st period - Slapshot by Pavel Kubina.
13:37 of 1st period - Shot Misses the Net.
13:47 of 1st period - Wrist shot by Alexei Morozov.
13:47 of 1st period - Goal by Alexei Morozov - Canucks : 0 - Stars : 1.
13:48 of 1st period - Ryan Getzlaf wins face-off versus Shane Doan in neutral zone.
13:53 of 1st period - Snap shot by Clarke MacArthur.
13:53 of 1st period - Shot Misses the Net.
14:12 of 1st period - Minor Penalty to Brian Gionta for Charging.
14:13 of 1st period - Peter Worrell wins face-off versus Marty Reasoner in Stars zone.
14:15 of 1st period - Wrist shot by Scott Niedermayer.
14:15 of 1st period - Deflect By Cory Stillman.
14:15 of 1st period - Stopped by Pascal Leclaire with a rebound.
14:17 of 1st period - Wrist shot by Peter Worrell.
14:17 of 1st period - Shot Misses the Net.
14:25 of 1st period - Slapshot by Jaromir Jagr.
14:25 of 1st period - Stopped by Pascal Leclaire without a rebound.
14:26 of 1st period - Matt Stajan wins face-off versus Marty Reasoner in Stars zone.
14:29 of 1st period - Backhand shot by Matt Stajan.
14:29 of 1st period - Stopped by Pascal Leclaire without a rebound.
14:30 of 1st period - Marty Reasoner wins face-off versus Peter Worrell in Stars zone.
15:49 of 1st period - Wrist shot by Jan Hlavac.
15:49 of 1st period - Shot Misses the Net.
16:12 of 1st period - Penalty to Brian Gionta is over, Brian Gionta is back on ice.
16:37 of 1st period - Minor Penalty to Fabian Brunnstrom for Delaying the game.
16:38 of 1st period - Jaromir Jagr wins face-off versus David Legwand in Canucks zone.
16:53 of 1st period - Jaromir Jagr is hit by Shane Doan and loses puck.
18:37 of 1st period - Penalty to Fabian Brunnstrom is over, Fabian Brunnstrom is back on ice.
18:42 of 1st period - Off-side.
18:43 of 1st period - Marty Reasoner wins face-off versus Daniel Paille in neutral zone.
19:41 of 1st period - Snap shot by Peter Worrell.
19:41 of 1st period - Shot Blocked by Brian Pothier.
Goals for this period are 0 for Canucks vs 1 for Stars.
Shots for this period are 5 for Canucks vs 11 for Stars.
2nd period
0:01 of 2nd period - Matt Stajan wins face-off versus David Legwand in neutral zone.
0:53 of 2nd period - Slapshot by David Jones.
0:53 of 2nd period - Shot Misses the Net.
1:13 of 2nd period - Snap shot by Alexei Morozov.
1:13 of 2nd period - Stopped by Carey Price without a rebound.
1:14 of 2nd period - Matt Stajan wins face-off versus Antoine Vermette in Canucks zone.
1:14 of 2nd period - Matt Stajan is hit by Pavel Kubina.
1:30 of 2nd period - Wrist shot by Jaromir Jagr.
1:30 of 2nd period - Goal by Jaromir Jagr - Canucks : 1 - Stars : 1.
1:31 of 2nd period - David Legwand wins face-off versus Matt Stajan in neutral zone.
1:34 of 2nd period - Matt Stajan is hit by Cory Stillman and loses puck.
1:46 of 2nd period - Snap shot by Alexei Morozov.
1:46 of 2nd period - Shot Misses the Net.
1:56 of 2nd period - Matt Stajan is hit by Brian Gionta and loses puck.
2:18 of 2nd period - Off-side.
2:19 of 2nd period - Ryan Getzlaf wins face-off versus Antoine Vermette in neutral zone.
2:29 of 2nd period - Brent Sopel is hit by Antoine Vermette and loses puck.
2:44 of 2nd period - Filip Novak is hit by David Jones and loses puck.
3:14 of 2nd period - Off-side.
3:15 of 2nd period - Matt Stajan wins face-off versus David Legwand in neutral zone.
3:40 of 2nd period - Antoine Vermette is hit by Clarke MacArthur and loses puck.
4:05 of 2nd period - Snap shot by Patrik Elias.
4:05 of 2nd period - Shot Blocked by Joe Callahan.
4:07 of 2nd period - Slapshot by Brendan Bell.
4:07 of 2nd period - Shot Blocked by Taylor Chorney.
4:09 of 2nd period - Slapshot by Brian Pothier.
4:09 of 2nd period - Stopped by Carey Price with a rebound.
4:11 of 2nd period - Wrist shot by Brian Gionta.
4:11 of 2nd period - Shot Misses the Net.
4:13 of 2nd period - Snap shot by Patrik Elias.
4:13 of 2nd period - Shot Misses the Net.
4:33 of 2nd period - Wrist shot by Matt Stajan.
4:33 of 2nd period - Shot Blocked by Brendan Bell.
4:35 of 2nd period - Wrist shot by Jaromir Jagr.
4:35 of 2nd period - Stopped by Pascal Leclaire with a rebound.
5:46 of 2nd period - Randy Jones is hit by Jiri Hudler and loses puck.
6:23 of 2nd period - Snap shot by Clarke MacArthur.
6:23 of 2nd period - Stopped by Pascal Leclaire with a rebound.
6:27 of 2nd period - Wrist shot by Clarke MacArthur.
6:27 of 2nd period - Stopped by Pascal Leclaire with a rebound.
6:41 of 2nd period - Antoine Vermette is hit by Scott Niedermayer and loses puck.
7:08 of 2nd period - Francis Bouillon is hit by Fabian Brunnstrom and loses puck.
7:21 of 2nd period - Patrik Elias is hit by Erik Christensen and loses puck.
7:41 of 2nd period - Off-side.
7:42 of 2nd period - Michael Rupp wins face-off versus Ryan Getzlaf in neutral zone.
8:26 of 2nd period - Wrist shot by Zigmund Palffy.
8:26 of 2nd period - Shot Misses the Net.
9:20 of 2nd period - Slapshot by Michael Rupp.
9:20 of 2nd period - Shot Misses the Net.
9:22 of 2nd period - Snap shot by Michael Rupp.
9:22 of 2nd period - Shot Blocked by Mark Streit.
9:24 of 2nd period - Wrist shot by Jan Hlavac.
9:24 of 2nd period - Shot Misses the Net.
9:26 of 2nd period - Wrist shot by Scott Walker.
9:26 of 2nd period - Stopped by Carey Price with a rebound.
9:39 of 2nd period - Off-side.
9:40 of 2nd period - Matt Stajan wins face-off versus David Legwand in neutral zone.
9:54 of 2nd period - Minor Penalty to David Legwand for Tripping.
9:55 of 2nd period - Marty Reasoner wins face-off versus Matt Stajan in Stars zone.
11:40 of 2nd period - Snap shot by David Jones.
11:40 of 2nd period - Goal by David Jones - Canucks : 2 - Stars : 1.
11:41 of 2nd period - David Legwand wins face-off versus Matt Stajan in neutral zone.
12:06 of 2nd period - Scott Niedermayer is hit by Pavel Kubina and loses puck.
12:29 of 2nd period - Snap shot by Erik Christensen.
12:29 of 2nd period - Stopped by Pascal Leclaire without a rebound.
12:30 of 2nd period - Erik Christensen wins face-off versus Antoine Vermette in Stars zone.
12:42 of 2nd period - Icing by Francis Bouillon.
12:43 of 2nd period - Antoine Vermette wins face-off versus Matt Stajan in Stars zone.
13:03 of 2nd period - Shane Doan is hit by Peter Worrell and loses puck.
14:04 of 2nd period - Snap shot by Cory Stillman.
14:04 of 2nd period - Stopped by Carey Price with a rebound.
14:06 of 2nd period - Wrist shot by Cory Stillman.
14:06 of 2nd period - Shot Misses the Net.
14:16 of 2nd period - Patrik Elias is hit by Matt Stajan and loses puck.
14:46 of 2nd period - Snap shot by Michael Rupp.
14:46 of 2nd period - Deflect By Scott Walker.
14:46 of 2nd period - Stopped by Carey Price without a rebound.
14:47 of 2nd period - David Legwand wins face-off versus Ryan Getzlaf in Canucks zone.
15:04 of 2nd period - David Legwand is hit by Derian Hatcher and loses puck.
15:11 of 2nd period - Ryan Getzlaf is hit by Alexei Morozov and loses puck.
15:20 of 2nd period - Filip Novak is hit by Clarke MacArthur and loses puck.
15:33 of 2nd period - Clarke MacArthur is hit by David Legwand and loses puck.
15:40 of 2nd period - Alexei Morozov is hit by Zigmund Palffy.
16:29 of 2nd period - Wrist shot by Zigmund Palffy.
16:29 of 2nd period - Stopped by Pascal Leclaire with a rebound.
16:48 of 2nd period - Off-side.
16:49 of 2nd period - Antoine Vermette wins face-off versus Matt Stajan in neutral zone.
16:56 of 2nd period - Snap shot by Milan Michalek.
16:56 of 2nd period - Shot Misses the Net.
17:41 of 2nd period - Slapshot by Daniel Paille.
17:41 of 2nd period - Stopped by Pascal Leclaire without a rebound.
17:42 of 2nd period - Erik Christensen wins face-off versus Antoine Vermette in Stars zone.
17:55 of 2nd period - Milan Michalek is hit by Brent Sopel.
18:31 of 2nd period - Brendan Bell is hit by Matt Stajan and loses puck.
19:06 of 2nd period - David Jones is hit by Milan Michalek and loses puck.
Goals for this period are 2 for Canucks vs 0 for Stars.
Shots for this period are 8 for Canucks vs 5 for Stars.
3rd period
0:01 of 3rd period - Jaromir Jagr wins face-off versus David Legwand in neutral zone.
0:40 of 3rd period - Off-side.
0:41 of 3rd period - Jiri Hudler wins face-off versus Marty Reasoner in neutral zone.
0:45 of 3rd period - Derian Hatcher is hit by Filip Novak and loses puck.
0:53 of 3rd period - Wrist shot by Fabian Brunnstrom.
0:53 of 3rd period - Shot Misses the Net.
0:55 of 3rd period - Slapshot by David Jones.
0:55 of 3rd period - Shot Misses the Net.
0:57 of 3rd period - Snap shot by David Jones.
0:57 of 3rd period - Stopped by Pascal Leclaire with a rebound.
1:03 of 3rd period - Minor Penalty to Brian Gionta for Hooking.
1:04 of 3rd period - Marty Reasoner wins face-off versus Peter Worrell in Stars zone.
1:15 of 3rd period - Wrist shot by Peter Worrell.
1:15 of 3rd period - Deflect By Jaromir Jagr.
1:15 of 3rd period - Shot Misses the Net.
1:15 of 3rd period - Puck is out of play.
1:16 of 3rd period - Marty Reasoner wins face-off versus Matt Stajan in Stars zone.
1:55 of 3rd period - Snap shot by Scott Walker.
1:55 of 3rd period - Stopped by Carey Price without a rebound.
1:56 of 3rd period - Ryan Getzlaf wins face-off versus Marty Reasoner in Canucks zone.
2:35 of 3rd period - Jaromir Jagr is hit by Francis Bouillon and loses puck.
2:46 of 3rd period - Slapshot by Scott Niedermayer.
2:46 of 3rd period - Stopped by Pascal Leclaire with a rebound.
2:48 of 3rd period - Slapshot by Peter Worrell.
2:48 of 3rd period - Shot Misses the Net.
2:50 of 3rd period - Wrist shot by Peter Worrell.
2:50 of 3rd period - Goal by Peter Worrell - Canucks : 3 - Stars : 1.
2:51 of 3rd period - Ryan Getzlaf wins face-off versus David Legwand in neutral zone.
2:58 of 3rd period - Snap shot by Ryan Getzlaf.
2:58 of 3rd period - Stopped by Pascal Leclaire with a rebound.
3:00 of 3rd period - Snap shot by Ryan Getzlaf.
3:00 of 3rd period - Shot Blocked by Cory Stillman.
3:27 of 3rd period - Snap shot by Shane Doan.
3:27 of 3rd period - Stopped by Carey Price without a rebound.
3:28 of 3rd period - Marty Reasoner wins face-off versus Ryan Getzlaf in Canucks zone.
3:35 of 3rd period - Wrist shot by Brian Gionta.
3:35 of 3rd period - Shot Misses the Net.
3:53 of 3rd period - Marty Reasoner is hit by Fabian Brunnstrom and loses puck.
4:03 of 3rd period - Snap shot by Brendan Bell.
4:03 of 3rd period - Deflect By Brian Gionta.
4:03 of 3rd period - Shot Misses the Net.
4:03 of 3rd period - Puck is out of play.
4:04 of 3rd period - Matt Stajan wins face-off versus David Legwand in Canucks zone.
4:31 of 3rd period - Wrist shot by Shane Doan.
4:31 of 3rd period - Shot Blocked by Brent Sopel.
4:52 of 3rd period - Wrist shot by Fabian Brunnstrom.
4:52 of 3rd period - Stopped by Pascal Leclaire with a rebound.
4:54 of 3rd period - Slapshot by Derian Hatcher.
4:54 of 3rd period - Shot Misses the Net.
5:37 of 3rd period - Snap shot by Erik Christensen.
5:37 of 3rd period - Stopped by Pascal Leclaire with a rebound.
5:39 of 3rd period - Slapshot by Scott Niedermayer.
5:39 of 3rd period - Shot Blocked by Milan Michalek.
5:55 of 3rd period - Snap shot by Fabian Brunnstrom.
5:55 of 3rd period - Shot Blocked by Randy Jones.
5:57 of 3rd period - Slapshot by Taylor Chorney.
5:57 of 3rd period - Shot Misses the Net.
5:59 of 3rd period - Snap shot by Jiri Hudler.
5:59 of 3rd period - Shot Misses the Net.
6:05 of 3rd period - Minor Penalty to Patrik Elias for Hooking.
6:06 of 3rd period - Matt Stajan wins face-off versus Marty Reasoner in Stars zone.
6:22 of 3rd period - Off-side.
6:23 of 3rd period - Ryan Getzlaf wins face-off versus Marty Reasoner in neutral zone.
6:41 of 3rd period - Icing by Mark Streit.
6:42 of 3rd period - Ryan Getzlaf wins face-off versus Marty Reasoner in Canucks zone.
7:01 of 3rd period - Slapshot by Mark Streit.
7:01 of 3rd period - Shot Blocked by Pavel Kubina.
7:03 of 3rd period - Wrist shot by Ryan Getzlaf.
7:03 of 3rd period - Deflect By Pavel Kubina.
7:03 of 3rd period - Shot Blocked by David Legwand.
7:03 of 3rd period - Puck is out of play.
7:04 of 3rd period - David Legwand wins face-off versus Matt Stajan in Stars zone.
8:05 of 3rd period - Penalty to Patrik Elias is over, Patrik Elias is back on ice.
8:32 of 3rd period - Daniel Paille is hit by Pavel Kubina and loses puck.
8:39 of 3rd period - Slapshot by Jan Hlavac.
8:39 of 3rd period - Shot Misses the Net.
9:17 of 3rd period - Snap shot by Brian Gionta.
9:17 of 3rd period - Deflect By Patrik Elias.
9:17 of 3rd period - Shot Misses the Net.
9:17 of 3rd period - Puck is out of play.
9:18 of 3rd period - Antoine Vermette wins face-off versus Matt Stajan in Canucks zone.
9:33 of 3rd period - Slapshot by Jaromir Jagr.
9:33 of 3rd period - Shot Blocked by Filip Novak.
9:49 of 3rd period - Slapshot by Pavel Kubina.
9:49 of 3rd period - Stopped by Carey Price without a rebound.
9:50 of 3rd period - Ryan Getzlaf wins face-off versus Marty Reasoner in Canucks zone.
10:16 of 3rd period - Marty Reasoner is hit by Jiri Hudler and loses puck.
10:25 of 3rd period - Snap shot by Patrik Elias.
10:25 of 3rd period - Shot Blocked by Taylor Chorney.
10:27 of 3rd period - Slapshot by Patrik Elias.
10:27 of 3rd period - Shot Blocked by David Jones.
10:29 of 3rd period - Snap shot by Pavel Kubina.
10:29 of 3rd period - Stopped by Carey Price with a rebound.
10:31 of 3rd period - Snap shot by Marty Reasoner.
10:31 of 3rd period - Stopped by Carey Price without a rebound.
10:32 of 3rd period - David Legwand wins face-off versus Matt Stajan in Canucks zone.
10:37 of 3rd period - Wrist shot by Alexei Morozov.
10:37 of 3rd period - Stopped by Carey Price with a rebound.
10:42 of 3rd period - Off-side.
10:43 of 3rd period - David Legwand wins face-off versus Matt Stajan in neutral zone.
10:56 of 3rd period - Snap shot by Alexei Morozov.
10:56 of 3rd period - Shot Misses the Net.
10:58 of 3rd period - Wrist shot by Filip Novak.
10:58 of 3rd period - Stopped by Carey Price without a rebound.
10:59 of 3rd period - Antoine Vermette wins face-off versus Ryan Getzlaf in Canucks zone.
11:26 of 3rd period - Matt Stajan is hit by Filip Novak and loses puck.
11:35 of 3rd period - Wrist shot by Matt Stajan.
11:35 of 3rd period - Stopped by Pascal Leclaire without a rebound.
11:36 of 3rd period - Matt Stajan wins face-off versus David Legwand in Stars zone.
11:41 of 3rd period - Wrist shot by Matt Stajan.
11:41 of 3rd period - Shot Blocked by Francis Bouillon.
11:50 of 3rd period - Minor Penalty to Francis Bouillon for Goalie Interference.
11:51 of 3rd period - Matt Stajan wins face-off versus Marty Reasoner in Stars zone.
11:53 of 3rd period - Minor Penalty to Jaromir Jagr for Roughing.
11:54 of 3rd period - Fabian Brunnstrom wins face-off versus David Legwand in Canucks zone.
12:59 of 3rd period - Off-side.
13:00 of 3rd period - David Jones wins face-off versus Patrik Elias in neutral zone.
13:11 of 3rd period - Snap shot by Brian Gionta.
13:11 of 3rd period - Stopped by Carey Price without a rebound.
13:12 of 3rd period - David Legwand wins face-off versus Fabian Brunnstrom in Canucks zone.
13:13 of 3rd period - Snap shot by Alexei Morozov.
13:13 of 3rd period - Shot Misses the Net.
13:21 of 3rd period - Slapshot by Brent Sopel.
13:21 of 3rd period - Stopped by Pascal Leclaire without a rebound.
13:22 of 3rd period - David Legwand wins face-off versus Fabian Brunnstrom in Stars zone.
13:29 of 3rd period - Snap shot by Alexei Morozov.
13:29 of 3rd period - Stopped by Carey Price with a rebound.
13:35 of 3rd period - Alexei Morozov is hit by Peter Worrell and loses puck.
13:40 of 3rd period - Snap shot by Fabian Brunnstrom.
13:40 of 3rd period - Shot Misses the Net.
13:42 of 3rd period - Wrist shot by Fabian Brunnstrom.
13:42 of 3rd period - Shot Misses the Net.
13:44 of 3rd period - Wrist shot by Peter Worrell.
13:44 of 3rd period - Stopped by Pascal Leclaire without a rebound.
13:45 of 3rd period - Fabian Brunnstrom wins face-off versus Alexei Morozov in Stars zone.
13:48 of 3rd period - Snap shot by Peter Worrell.
13:48 of 3rd period - Shot Misses the Net.
13:50 of 3rd period - Penalty to Francis Bouillon is over, Francis Bouillon is back on ice.
13:50 of 3rd period - Slapshot by Scott Niedermayer.
13:50 of 3rd period - Shot Misses the Net.
13:52 of 3rd period - Slapshot by Scott Niedermayer.
13:52 of 3rd period - Stopped by Pascal Leclaire without a rebound.
13:53 of 3rd period - Penalty to Jaromir Jagr is over, Jaromir Jagr is back on ice.
13:53 of 3rd period - Matt Stajan wins face-off versus Antoine Vermette in Stars zone.
13:56 of 3rd period - Wrist shot by Jaromir Jagr.
13:56 of 3rd period - Shot Misses the Net.
13:58 of 3rd period - Snap shot by Jaromir Jagr.
13:58 of 3rd period - Shot Misses the Net.
14:00 of 3rd period - Slapshot by Matt Stajan.
14:00 of 3rd period - Deflect By Jaromir Jagr.
14:00 of 3rd period - Stopped by Pascal Leclaire with a rebound.
14:02 of 3rd period - Slapshot by Scott Niedermayer.
14:02 of 3rd period - Deflect By Antoine Vermette.
14:02 of 3rd period - Goal by Scott Niedermayer - Canucks : 4 - Stars : 1.
14:03 of 3rd period - Jaromir Jagr wins face-off versus David Legwand in neutral zone.
14:16 of 3rd period - Snap shot by Jaromir Jagr.
14:16 of 3rd period - Shot Blocked by David Legwand.
15:21 of 3rd period - Francis Bouillon is hit by Brent Sopel and loses puck.
15:28 of 3rd period - Erik Christensen is hit by Alexei Morozov and loses puck.
15:36 of 3rd period - Off-side.
15:37 of 3rd period - Antoine Vermette wins face-off versus Matt Stajan in neutral zone.
15:46 of 3rd period - Off-side.
15:47 of 3rd period - Antoine Vermette wins face-off versus Peter Worrell in neutral zone.
15:54 of 3rd period - Backhand shot by Antoine Vermette.
15:54 of 3rd period - Stopped by Carey Price with a rebound.
16:06 of 3rd period - Snap shot by Shane Doan.
16:06 of 3rd period - Goal by Shane Doan - Canucks : 4 - Stars : 2.
16:07 of 3rd period - David Legwand wins face-off versus Jiri Hudler in neutral zone.
16:40 of 3rd period - Minor Penalty to Marty Reasoner for Holding Stick.
16:41 of 3rd period - Antoine Vermette wins face-off versus Matt Stajan in Stars zone.
18:40 of 3rd period - Penalty to Marty Reasoner is over, Marty Reasoner is back on ice.
19:38 of 3rd period - Peter Worrell is hit by Pavel Kubina.
19:46 of 3rd period - Snap shot by Peter Worrell.
19:46 of 3rd period - Stopped by Pascal Leclaire with a rebound.
Goals for this period are 2 for Canucks vs 1 for Stars.
Shots for this period are 13 for Canucks vs 11 for Stars.
Output by the SimonT Hockey Simulator (STHS) for François Prévost -- Original Page W3C XHTML 1.0 Valid